 Dungeon Crawl Stone Soup version 0.23-a0-310-gdcc7a32 (webtiles) character file.

369312 George the Tortoise (level 21, -7/193 (198) HPs)
             Began as a Minotaur Fighter on Oct 12, 2018.
             Was the Champion of Makhleb.
             Mangled by a freezing wraith (21 damage)
             ... summoned by a mummy priest
             ... on level 3 of the Crypt.
             The game lasted 01:36:43 (45028 turns).

George the Tortoise (Minotaur Fighter)             Turns: 45028, Time: 01:36:44

HP:   -7/193 (198)  AC: 27    Str: 25    XL:     21   Next: 66%
MP:   0/31          EV: 18    Int:  5    God:    Makhleb [******]
Gold: 3995          SH: 15    Dex: 16    Spells: 20/20 levels left

rFire    . . .     SeeInvis +   X - +8 mithril axe "Arga" {speed, MR+}
rCold    . . .     Gourm    .   c - +1 shield
rNeg     . . .     Faith    .   z - +2 chain mail {rPois}
rPois    +         Spirit   +   r - +1 hat
rElec    .         Reflect  .   I - +2 cloak
rCorr    .         Harm     .   B - +0 pair of gloves
MR       +++..                  W - +3 pair of boots "Cetyom" {Regen+}
Stlth    ..........             P - amulet of guardian spirit
HPRegen  0.82/turn              Z - ring of see invisible
MPRegen  0.22/turn              M - ring of protection from magic

@: about to teleport, slowed, wreathed by umbra, studying 4 skills, heavily
drained, very slow
A: retaliatory headbutt, horns 2
}: 2/15 runes: decaying, serpentine
a: Minor Destruction, Lesser Servant of Makhleb, Major Destruction, Greater
Servant of Makhleb, Renounce Religion


You were on level 3 of the Crypt.
You worshipped Makhleb.
Makhleb was exalted by your worship.
You were near starving.

You visited 8 branches of the dungeon, and saw 39 of its levels.
You also visited: Trove and Ice Cave.

You collected 4560 gold pieces.
You spent 565 gold pieces at shops.

Inventory:

Hand Weapons
 N - the +12 Vampire's Tooth {vamp}
   (You found it on level 10 of the Dungeon)

   It inflicts no extra harm, but heals its wielder when it wounds a living foe.
 X - the +8 mithril axe "Arga" (weapon) {speed, MR+}
   (You found it on level 4 of the Lair of Beasts)

   Attacks with this weapon are significantly faster.
   It affects your resistance to hostile enchantments.
 Y - the +11 plutonium sword {*Contam Stlth-}
   (You found it on level 2 of the Vaults)

   It causes magical contamination when unequipped.
   It makes you less stealthy.
Armour
 c - a +1 shield (worn)
 r - a +1 hat (worn)
 z - a +2 chain mail of poison resistance (worn)
 B - a +0 pair of gloves (worn)
 I - a +2 cloak (worn)
 W - the +3 pair of boots "Cetyom" (worn) {Regen+}
   (You found it on level 4 of the Snake Pit)

   It increases your rate of regeneration.
Jewellery
 A - an uncursed amulet of the gourmand
 D - an uncursed ring of protection from fire
 M - a ring of protection from magic (right hand)
 P - an amulet of guardian spirit (around neck)
 Z - a ring of see invisible (left hand)
Wands
 F - a wand of acid (17)
 G - a wand of clouds (17)
 H - a wand of digging (50)
 J - a wand of iceblast (9)
 T - a wand of scattershot (12)
Scrolls
 e - 17 scrolls of remove curse
 h - 5 scrolls of enchant armour
 j - a scroll of immolation
 q - 3 scrolls of fear
 t - 6 scrolls of blinking
 w - 9 scrolls of magic mapping
 x - 12 scrolls of teleportation
 C - 3 scrolls of holy word
 E - 4 scrolls of fog
 K - 3 scrolls of silence
 L - 4 scrolls of brand weapon
 Q - 12 scrolls of identify
 R - 9 scrolls of enchant weapon
Potions
 d - 3 potions of might
 g - 8 potions of haste
 i - 8 potions of mutation
 k - 11 potions of heal wounds
 m - a potion of resistance
 n - 7 potions of invisibility
 o - 5 potions of curing
 p - 3 potions of agility
 u - a potion of cancellation
 v - 11 potions of flight
Books
 a - a manual of Shields
 b - a manual of Poison Magic
 l - a manual of Charms
 s - a manual of Evocations
 y - a manual of Shields
Miscellaneous
 O - a lamp of fire
 S - a fan of gales
 V - a lightning rod (4/4)
Comestibles
 f - 53 rations


   Skills:
 + Level 19.0(16.6) Fighting
 - Level 3.5(7.2) Short Blades
 - Level 13.8(11.8) Long Blades
 + Level 15.9(13.6) Axes
 + Level 19.0(16.6) Armour
 + Level 17.3(15.0) Dodging
 - Level 15.2(12.9) Shields
 + Level 15.9(13.6) Invocations
 - Level 8.0(6.1) Evocations


You had 20 spell levels left.
You didn't know any spells.
Your spell library contained the following spells:

 Spells                   Type           Power        Failure   Level  Hunger
 Confusing Touch          Hex            #.....       95%         1    ##.....
 Flame Tongue             Conj/Fire      #....        95%         1    ##.....
 Freeze                   Ice            #...         95%         1    ##.....
 Magic Dart               Conj           #...         95%         1    ##.....
 Sandblast                Erth           #.....       95%         1    ##.....
 Shock                    Conj/Air       #...         95%         1    ##.....
 Blink                    Tloc           N/A          98%         2    ###....
 Call Imp                 Summ           #.......     98%         2    ###....
 Ensorcelled Hibernation  Hex/Ice        #.....       98%         2    ###....
 Slow                     Hex            #.......     98%         2    ###....
 Swiftness                Chrm/Air       #.......     98%         2    ###....
 Throw Flame              Conj/Fire      #.....       98%         2    ###....
 Throw Frost              Conj/Ice       #.....       98%         2    ###....
 Confuse                  Hex            #.......     100%        3    ####...
 Conjure Flame            Conj/Fire      #.......     100%        3    ####...
 Gell's Gravitas          Tloc           #.........   100%        3    ####...
 Inner Flame              Hex/Fire       #.......     100%        3    ####...
 Mephitic Cloud           Conj/Pois/Air  #.......     100%        3    ####...
 Ozocubu's Armour         Chrm/Ice       #.......     100%        3    ####...
 Static Discharge         Conj/Air       #.......     100%        3    ####...
 Stone Arrow              Conj/Erth      #.....       100%        3    ####...
 Airstrike                Air            #.........   100%        4    #####..
 Cause Fear               Hex            #.........   100%        4    #####..
 Ice Form                 Ice/Tmut       #.......     100%        4    #####..
 Leda's Liquefaction      Hex/Erth       #.........   100%        4    #####..
 Petrify                  Tmut/Erth      #.......     100%        4    #####..
 Sticky Flame             Conj/Fire      #.......     100%        4    #####..
 Summon Ice Beast         Ice/Summ       #.......     100%        4    #####..
 Throw Icicle             Conj/Ice       #.......     100%        4    #####..
 Borgnjor's Vile Clutch   Necr/Erth      #.........   100%        5    ######.
 Fireball                 Conj/Fire      #.........   100%        5    ######.
 Lightning Bolt           Conj/Air       #.........   100%        5    ######.
 Metabolic Englaciation   Hex/Ice        #.........   100%        5    ######.
 Silence                  Hex/Air        #.........   100%        5    ######.
 Yara's Violent Unravell  Hex/Tmut       #.........   100%        5    ######.
 Bolt of Cold             Conj/Ice       #.........   100%        6    #######
 Darkness                 Hex            #.........   100%        6    #######
 Deflect Missiles         Chrm/Air       #.........   100%        6    #######
 Freezing Cloud           Conj/Ice/Air   #.........   100%        6    #######
 Ozocubu's Refrigeration  Ice            #.........   100%        6    #######
 Simulacrum               Ice/Necr       #.........   100%        6    #######
 Discord                  Hex            #.........   100%        8    #######
 Shatter                  Erth           #.........   100%        9    #######


Dungeon Overview and Level Annotations

Branches:
Dungeon (15/15)            Temple (1/1) D:5            Lair (6/6) D:10
  Swamp (4/4) Lair:2        Snake (4/4) Lair:4        Slime (0/5) Lair:5
    Orc (2/2) D:9             Elf (0/3) Orc:2        Vaults (4/5) D:13
  Crypt (3/3) Vaults:2       Tomb (0/3) Crypt:3      Depths (0/5) D:15

Altars:
Ashenzari
Cheibriados
Dithmenos
Elyvilon
Fedhas
Gozag
Hepliaklqana
Kikubaaqudgha
Makhleb
Nemelex Xobeh
Okawaru
Qazlal
Ru
Sif Muna
Trog
Uskayaw
Vehumet
Wu Jian
Xom
Yredelemnul
Zin
The Shining One
Jiyva

Shops:
D:4 [   D:6 :%=%=   D:13 *   Orc:1 [   Orc:2 *%(?   Snake:1 (=}}   Snake:2 }(
Snake:4 %[?}%   Vaults:3 *   Vaults:4 :

Annotations:
D:4 dig
Lair:5 1 runed door


Innate Abilities, Weirdness & Mutations

You reflexively headbutt those who attack you in melee.
You have a pair of horns on your head.


Message History

* * * LOW HITPOINT WARNING * * *
The profane servitor draws strength from your injuries!
The profane servitor burns you!
* * * LOW HITPOINT WARNING * * *
The profane servitor hits you with a demon whip of flaming.
* * * LOW HITPOINT WARNING * * *
The profane servitor burns you.
* * * LOW HITPOINT WARNING * * *
You block the guardian mummy's attack.
The sun demon is engulfed in spectral mist.
The sun demon hits you but does no damage.
The ancient champion hits you but does no damage.
You feel drained. You block the sun demon's attack.
You block the profane servitor's attack.
The profane servitor completely misses you.
The revenant hits you but does no damage.
The freezing wraith hits you.
* * * LOW HITPOINT WARNING * * *
The freezing wraith freezes you!!
You die...

...........#
...........# ....
...........# ...
...........######..#
................#..#
.######.........#§.#
.# #......8###§§##
.# #......##Z3z§§##
.# #.......ZL@3§§⌠#
.## #.......[AWMM§⌠#
..##
#......##zWWZ4##
...##
#...(..8###W'##
#...###....)....#V.#
##..............#[.#
.##...###..######..#
..##....#..# #....
##'##...#..# .Z.....


You could see a profane servitor, a revenant, 2 ancient champions, a mummy
priest, a jiangshi, a flayed ghost, 2 sun demons, a guardian mummy, 2 freezing
wraiths, a spectral dire elephant, a spectral storm dragon, a chaos spawn, a
shadow and an iron dragon skeleton.

Vanquished Creatures
  Sojobo (Vaults:4)
  the Lernaean hydra (Swamp:4)
  Saint Roka (Orc:2)
  Vashnia (Snake:3)
  Nikola (Snake:3)
  A lich (Crypt:3)
  Asterion (Snake:3)
  A titan (Vaults:4)
  The ghost of mhoghedin the Spry, an adept KoBe of Trog (Snake:4)
  A sphinx (Vaults:4)
  8 ancient champions
  Agnes (D:15)
  3 thorn hunters
  2 tengu reavers (Vaults:4)
  2 revenants (Crypt:2)
  5 nagarajas (Snake:4)
  The ghost of George the Protected, a journeyman MiFi of Makhleb (Swamp:1)
  The ghost of George the Protected, a journeyman MiFi of Makhleb (Swamp:1)
  A deep elf sorcerer (Vaults:3)
  4 frost giants
  A fire giant (Vaults:3)
  3 curse skulls
  A caustic shrike zombie (Crypt:1)
  9 ghouls
  The ghost of Xuizouc the Severer, a journeyman MiBe of Trog (Swamp:1)
  6 vault wardens
  6 stone giants
  9 ironheart preservers
  5 very ugly things
  An entropy weaver (Vaults:4)
  The ghost of Protee the Grappler, a journeyman DrTm of Ru (Swamp:1)
  5 vampire knights
  3 deep elf demonologists
  Azrael (D:13)
  2 eidola
  2 green deaths (Snake:1)
  4 deep elf death magi (Crypt:2)
  Snorg (D:9)
  A mummy priest (Crypt:3)
  2 ettins
  12 jiangshi
  Josephine (D:13)
  9 yaktaur captains
  8 ogre magi
  12 naga warriors
  2 catoblepae
  26 hydras
  A hydra (shapeshifter) (D:13)
  Fannar (Lair:2)
  A ghost crab (Swamp:3)
  2 shambling mangroves
  7 centaur warriors
  17 anacondas
  2 rakshasas
  3 death knights
  20 two-headed ogres
  A satyr (shapeshifter) (D:13)
  9 alligators
  12 naga sharpshooters
  2 tengu warriors (D:14)
  3 deep troll earth magi
  3 orc high priests (Orc:2)
  2 death yaks (IceCv)
  A dancing weapon (D:13)
  4 vampire magi
  Urug (Lair:1)
  9 shock serpents
  2 soul eaters
  4 deep elf knights
  7 salamander mystics
  12 skeletal warriors
  8 shadow wraiths
  2 cherubim (D:13)
  A golden dragon zombie (Crypt:3)
  10 deep trolls
  4 unseen horrors
  9 flayed ghosts
  A spriggan druid (Swamp:4)
  An unseen horror (shapeshifter) (D:15)
  A glowing orange brain (Vaults:4)
  13 ironbrand convokers
  12 phantasmal warriors
  15 naga ritualists
  8 swamp dragons
  9 lindwurms
  2 necromancers
  9 wolf spiders
  2 wizards (Vaults:1)
  3 deep elf archers
  16 orc knights
  2 oklob plants
  9 harpies
  16 mana vipers
  5 orc sorcerers
  6 deep elf magi
  3 salamanders
  2 fire giant zombies
  22 ugly things
  8 cyclopes
  4 elephants (Lair:6)
  A stone giant skeleton (Vaults:4)
  40 black mambas
  An ice statue (IceCv)
  2 centaur zombies
  A black mamba (shapeshifter) (D:13)
  A guardian serpent (shapeshifter) (Vaults:3)
  24 naga magi
  11 vault sentinels
  8 guardian serpents
  2 gargoyles
  12 spiny frogs
  An emperor scorpion zombie (Crypt:2)
  10 freezing wraiths
  A purple draconian zombie (Crypt:1)
  A black draconian zombie (Crypt:3)
  A rime drake (Lair:3)
  19 yaktaurs
  An efreet (D:15)
  4 guardian mummies (Crypt:3)
  5 komodo dragons
  2 tengu conjurers (D:14)
  A jumping spider (Vaults:4)
  A death yak skeleton (Crypt:3)
  5 trolls
  3 meliai (D:15)
  A polar bear (shapeshifter) (Vaults:3)
  18 polar bears
  Grinder (D:5)
  8 tyrant leeches
  6 hornets
  A queen bee (D:8)
  37 slime creatures
  Prince Ribbit (D:5)
  A harpy skeleton (Crypt:1)
  4 blink frogs (Lair:1)
  13 hippogriffs
  An alligator zombie (Crypt:3)
  A meliai zombie (Crypt:3)
  12 dream sheep
  12 bog bodies
  11 flying skulls
  3 spectral black mambas (Snake:4)
  9 redbacks
  A stone giant simulacrum (Vaults:2)
  17 spriggans
  A spriggan (shapeshifter) (Vaults:4)
  4 vampires
  11 wraiths
  4 water elementals (D:15)
  2 wyverns
  4 shadows
  A golden eye (shapeshifter) (Vaults:4)
  52 yaks
  6 fire elementals (D:13)
  2 hungry ghosts
  3 spectral nagas (Snake:4)
  A yaktaur simulacrum (Vaults:1)
  16 vampire mosquitoes
  12 swamp worms
  A swamp worm (shapeshifter) (Vaults:4)
  7 wargs
  2 deep troll zombies
  19 insubstantial wisps
  An orb spider zombie (Crypt:1)
  A soldier ant (D:13)
  2 acid dragons
  50 nagas
  9 water moccasins
  12 porcupines
  A monstrous demonspawn zombie (Crypt:2)
  A monstrous demonspawn skeleton (Crypt:2)
  A hornet zombie (D:14)
  12 swamp drakes
  8 black bears
  43 orc warriors
  A black bear (shapeshifter) (Vaults:3)
  An ettin simulacrum (Vaults:4)
  2 phantoms
  2 sky beasts
  3 necrophages
  4 ice beasts
  An eye of draining (D:14)
  A fire dragon simulacrum (Crypt:3)
  9 boggarts
  A black mamba simulacrum (Snake:4)
  12 centaurs
  An elf skeleton (Vaults:4)
  24 ogres
  47 wolves
  A crocodile (shapeshifter) (Vaults:2)
  10 crocodiles
  23 bullfrogs
  5 scorpions
  2 wyvern skeletons
  An orc simulacrum (Vaults:1)
  A human simulacrum (Vaults:2)
  31 killer bees
  17 wights
  3 howler monkeys
  An electric eel (D:15)
  7 crimson imps
  A quasit (D:6)
  2 gnoll shamans
  9 jellies
  2 bullfrog skeletons
  3 centaur skeletons
  A hound (D:9)
  28 orc priests
  31 orc wizards
  4 iguanas
  8 worker ants
  A naga simulacrum (Snake:4)
  A big kobold zombie (Crypt:1)
  A killer bee zombie (D:10)
  An acid dragon skeleton (Crypt:2)
  A dwarf skeleton (Crypt:1)
  2 hound zombies
  2 hound skeletons
  11 mummies (Crypt:3)
  13 gnolls
  A worker ant zombie (D:8)
  A swamp drake zombie (Crypt:3)
  A tengu simulacrum (Crypt:3)
  9 adders
  4 shadow imps
  2 oozes
  An adder zombie (D:5)
  2 worms
  3 dart slugs
  2 leopard geckos (D:3)
  94 orcs
  5 bats
  2 bat skeletons (Crypt:3)
  6 giant cockroaches
  6 goblins
  6 hobgoblins
  19 jackals
  6 quokkas
  A river rat zombie (Crypt:2)
  3 ball pythons
  6 frilled lizards
  A gnoll skeleton (Crypt:2)
  6 kobolds
  A leopard gecko zombie (D:9)
  An orc skeleton (Crypt:1)
  8 rats
  A briar patch (Swamp:4)
  A bush (Lair:6)
1638 creatures vanquished.

Vanquished Creatures (others)
  A fire giant (Vaults:4)
  An ironheart preserver (Vaults:4)
  A wizard (Vaults:2)
  A guardian serpent (Snake:4)
  An ushabti (Crypt:3)
  A naga (Snake:1)
  A wolf (IceCv)
  A bullfrog zombie (D:13)
  2 briar patches (Swamp:4)
  11 fungi
  7 plants
  2 withered plants (Swamp:1)
30 creatures vanquished.

Grand Total: 1668 creatures vanquished

Notes
Turn   | Place    | Note
-------+----------+-------------------------------------------
     0 | D:1      | George the Minotaur Fighter began the quest for the Orb.
     0 | D:1      | Reached XP level 1. HP: 19/19 MP: 0/0
   165 | D:1      | Reached XP level 2. HP: 27/27 MP: 1/1
   692 | D:2      | Reached skill level 1 in Dodging
   693 | D:2      | Reached XP level 3. HP: 33/33 MP: 2/2
  1407 | D:2      | Reached XP level 4. HP: 13/40 MP: 3/3
  1766 | D:3      | Noticed an ogre
  1772 | D:3      | HP: 1/40 [ogre/giant spiked club (13)]
  1773 | D:3      | Killed an ogre
  1773 | D:3      | Reached XP level 5. HP: 1/47 MP: 4/4
  2095 | D:3      | Found a glowing silver altar of Zin.
  2096 | D:3      | Noticed an angel
  2715 | D:4      | Reached XP level 6. HP: 21/53 MP: 5/5
  2718 | D:4      | Reached skill level 5 in Long Blades
  2719 | D:4      | Found Likeibem's Armour Emporium.
  2935 | D:4      | Reached skill level 5 in Armour
  2935 | D:4      | Reached skill level 5 in Shields
  3301 | D:4      | Reached skill level 5 in Fighting
  3357 | D:4      | Found a shimmering altar of Xom.
  3363 | D:4      | Found a burning altar of Makhleb.
  3367 | D:4      | Became a worshipper of Makhleb the Destroyer
  3392 | D:4      | Reached XP level 7. HP: 61/61 MP: 6/6
  3789 | D:5      | Entered Level 5 of the Dungeon
  3871 | D:5      | Reached skill level 1 in Invocations
  3917 | D:5      | Noticed Grinder
  3936 | D:5      | Killed Grinder
  3943 | D:5      | Reached XP level 8. HP: 36/69 MP: 8/8
  4048 | D:5      | Found an opulent altar of Gozag.
  4142 | D:5      | Reached * piety under Makhleb
  4198 | D:5      | Noticed Prince Ribbit
  4213 | D:5      | Killed Prince Ribbit
  4402 | D:5      | HP: 2/70 [killer bee (4)]
  4768 | D:5      | Found a staircase to the Ecumenical Temple.
  5021 | Temple   | Entered the Ecumenical Temple
  5322 | D:6      | Found Goecriyd's Jewellery Boutique.
  5425 | D:6      | Reached XP level 9. HP: 59/78 MP: 10/10
  5434 | D:6      | Found Reenk's Food Shoppe.
  5585 | D:6      | Found Neuckeb's Food Emporium.
  5617 | D:6      | Reached skill level 5 in Dodging
  5651 | D:6      | Found Wanotegh's Book Boutique.
  5946 | D:6      | Found Qyrr's Jewellery Boutique.
  6396 | D:7      | Reached ** piety under Makhleb
  6905 | D:8      | Noticed a two-headed ogre
  6915 | D:8      | Killed a two-headed ogre
  7065 | D:8      | Reached XP level 10. HP: 82/86 MP: 12/12
  7311 | D:8      | Reached skill level 10 in Long Blades
  7880 | D:9      | Found a staircase to the Orcish Mines.
  8375 | D:9      | Found a blossoming altar of Fedhas.
  8377 | D:9      | Found an ancient bone altar of Kikubaaqudgha.
  8454 | D:9      | Reached *** piety under Makhleb
  8474 | D:9      | Reached skill level 5 in Invocations
  8938 | D:9      | Found a sacrificial altar of Ru.
  9205 | D:10     | Entered Level 10 of the Dungeon
  9351 | D:10     | Noticed a gargoyle
  9367 | D:10     | Killed a gargoyle
  9370 | D:10     | Reached **** piety under Makhleb
  9375 | D:10     | Reached XP level 11. HP: 76/95 MP: 14/14
  9436 | D:10     | HP: 3/95 [tyrant leech (27)]
 10197 | D:10     | Found a staircase to the Lair.
 10692 | D:10     | Found the +12 Vampire's Tooth {vamp}
 10861 | D:11     | Killed an unseen horror
 10861 | D:11     | Reached skill level 1 in Short Blades
 10918 | D:11     | Reached ***** piety under Makhleb
 11070 | D:11     | Noticed a centaur warrior
 11081 | D:11     | Killed a centaur warrior
 11361 | D:12     | Noticed a purple ugly thing
 11375 | D:12     | Killed a purple ugly thing
 11697 | D:12     | Reached XP level 12. HP: 103/106 MP: 16/16
 11796 | Lair:1   | Entered Level 1 of the Lair of Beasts
 11841 | Lair:1   | Reached skill level 10 in Armour
 11854 | Lair:1   | Reached skill level 10 in Fighting
 11854 | Lair:1   | Reached skill level 10 in Shields
 11899 | Lair:1   | Found a frozen archway.
 11905 | IceCv    | Entered an ice cave
 12592 | IceCv    | Noticed a death yak
 12634 | IceCv    | Killed a death yak
 12753 | IceCv    | Noticed a death yak
 12753 | IceCv    | Noticed a frost giant
 12772 | IceCv    | Killed a death yak
 12817 | IceCv    | Killed a frost giant
 13587 | Lair:1   | Noticed Urug
 13598 | Lair:1   | Killed Urug
 13738 | Lair:1   | Reached XP level 13. HP: 116/116 MP: 18/18
 14457 | Lair:2   | Found a staircase to the Swamp.
 14541 | Lair:2   | Reached ****** piety under Makhleb
 15510 | Lair:3   | Noticed Fannar
 15529 | Lair:2   | Killed Fannar
 15538 | Lair:3   | Reached skill level 10 in Dodging
 16750 | Lair:4   | Found a staircase to the Snake Pit.
 17508 | Lair:4   | Found the +8 mithril axe "Arga" {speed, MR+}
 17948 | Lair:5   | Reached skill level 1 in Axes
 17989 | Lair:5   | Found a runed door.
 17990 | Lair:5   | Found a viscous altar of Jiyva.
 17990 | Lair:5   | Found a staircase to the Slime Pits.
 17990 | Lair:5   | Noticed an azure jelly
 18003 | Lair:5   | Noticed an azure jelly
 18367 | Lair:6   | Entered Level 6 of the Lair of Beasts
 18403 | Lair:6   | Reached XP level 14. HP: 126/126 MP: 20/20
 20281 | Orc:1    | Entered Level 1 of the Orcish Mines
 20288 | Orc:1    | Noticed Snorg
 20316 | D:9      | Killed Snorg
 20373 | Orc:1    | Found Sisivav's Antique Armour Shoppe.
 20412 | Orc:2    | Entered Level 2 of the Orcish Mines
 20676 | Orc:2    | Found Utoussuc's Magic Scroll Shoppe.
 20702 | Orc:2    | Found a staircase to the Elven Halls.
 20834 | Orc:2    | Paralysed by an ogre mage for 3 turns
 20855 | Orc:2    | Reached skill level 10 in Invocations
 20875 | Orc:2    | Noticed Saint Roka
 20969 | Orc:2    | Killed Saint Roka
 20969 | Orc:2    | Reached skill level 5 in Axes
 21136 | Orc:2    | Paralysed by an orc sorcerer for 3 turns
 21244 | Orc:2    | Found Netec's Assorted Antiques.
 21282 | Orc:2    | Found Vuhi Ysi's Antique Weapon Shop.
 21304 | Orc:2    | Reached XP level 15. HP: 73/135 MP: 21/21
 21353 | Orc:2    | Found Vestriomm's Food Shop.
 21626 | Orc:2    | Bought a pair of distressingly furry boots for 190 gold
                  | pieces
 21636 | Orc:2    | Identified the +1 pair of boots "Uwou" {rCorr Int+2 Dex+2}
                  | (You bought it in a shop on level 2 of the Orcish Mines)
 22275 | Orc:1    | Bought a brightly glowing chain mail for 180 gold pieces
 22285 | Orc:1    | Identified the cursed +0 chain mail of the Bells {rCorr
                  | Int-3 Dex+5 Slay+2} (You bought it in a shop on level 1 of
                  | the Orcish Mines)
 22467 | D:13     | Noticed Josephine
 22480 | D:13     | Killed Josephine
 22509 | D:13     | Found Mbeemno's Merry Market.
 22512 | D:13     | Noticed Azrael
 22560 | D:13     | Killed Azrael
 23069 | D:13     | Found a gate to the Vaults.
 24216 | D:15     | Entered Level 15 of the Dungeon
 24849 | D:15     | Noticed Agnes
 24860 | D:15     | Killed Agnes
 25141 | D:15     | Found a staircase to the Depths.
 25577 | Swamp:1  | Entered Level 1 of the Swamp
 25678 | Swamp:1  | Noticed a thorn hunter
 25708 | Swamp:1  | Killed a thorn hunter
 25811 | Swamp:1  | Found a runed gate.
 25811 | Swamp:1  | Found a runed gate.
 25811 | Swamp:1  | Found a runed gate.
 25813 | Swamp:1  | Noticed George's ghost (journeyman MiFi)
 25814 | Swamp:1  | Noticed Protee's ghost (journeyman DrTm)
 25814 | Swamp:1  | Noticed George's ghost (journeyman MiFi)
 25815 | Swamp:1  | Noticed Xuizouc's ghost (journeyman MiBe)
 25956 | Swamp:1  | Reached XP level 16. HP: 146/146 MP: 23/23
 26358 | Swamp:1  | Killed Xuizouc's ghost
 26382 | Swamp:1  | HP: 5/146 [George's ghost (5)]
 26388 | Swamp:1  | HP: 7/146 [George's ghost (16)]
 26395 | Swamp:1  | Killed George's ghost
 26414 | Swamp:1  | Killed Protee's ghost
 26429 | Swamp:1  | Killed George's ghost
 27661 | Swamp:3  | Paralysed by a hornet for 1 turns
 28255 | Swamp:4  | Entered Level 4 of the Swamp
 28808 | Swamp:4  | Noticed the 27-headed Lernaean hydra
 28821 | Swamp:4  | Killed the 27-headed Lernaean hydra
 28950 | Swamp:4  | Got a decaying rune of Zot
 28953 | Swamp:4  | Identified a scroll of acquirement
 29199 | Swamp:4  | Reached skill level 10 in Axes
 29205 | Swamp:4  | Reached XP level 17. HP: 154/154 MP: 25/25
 29347 | Swamp:4  | Reached skill level 15 in Fighting
 29374 | Swamp:4  | Reached skill level 15 in Armour
 29782 | Snake:1  | Entered Level 1 of the Snake Pit
 29806 | Snake:1  | Reached skill level 15 in Shields
 29947 | Snake:1  | Found Zujum's Weapon Boutique.
 30003 | Snake:1  | Got a steaming plate armour
 30017 | Snake:1  | Identified the cursed +1 plate armour of Vehumet's Hope
                  | {rPois Str+4 Slay-4} (You found it on level 1 of the Snake
                  | Pit)
 30077 | Snake:1  | Found a runed door.
 30340 | Snake:1  | Found Jaezeuh's Jewellery Shoppe.
 30340 | Snake:1  | Found Feaxeigh's Gadget Shop.
 30341 | Snake:1  | Found Mucanleo's Gadget Shop.
 30693 | Snake:2  | Found Ynelesinif's Antique Weapon Boutique.
 30697 | Snake:2  | Found Piono's Gadget Shop.
 30868 | Snake:2  | Reached skill level 1 in Evocations
 31993 | Snake:3  | Noticed Nikola
 32009 | Snake:3  | Killed Nikola
 32052 | Snake:3  | Noticed Asterion
 32056 | Snake:3  | Noticed Vashnia
 32068 | Snake:3  | Killed Asterion
 32140 | Snake:3  | Killed Vashnia
 32406 | Snake:3  | Found a runed door.
 32501 | Snake:3  | Got a slimy shield
 32512 | Snake:3  | Identified the cursed -5 shield "Fovit" {rN+ Int+7 Dex+2
                  | Slay-5} (You took it off Asterion on level 3 of the Snake
                  | Pit)
 32783 | Snake:4  | Entered Level 4 of the Snake Pit
 32785 | Snake:4  | Found Durymm's Food Emporium.
 32876 | Snake:4  | Reached XP level 18. HP: 166/166 MP: 19/26
 33445 | Snake:4  | Got a serpentine rune of Zot
 33615 | Snake:4  | Found Kufef's Armour Shop.
 33828 | Snake:4  | Found a runed gate.
 33829 | Snake:4  | Found a runed gate.
 33830 | Snake:4  | Found a runed gate.
 33840 | Snake:4  | Found Zeibeitt's Magic Scroll Emporium.
 33936 | Snake:4  | Reached skill level 5 in Evocations
 33966 | Snake:4  | Bought a scroll of teleportation for 45 gold pieces
 33966 | Snake:4  | Bought a scroll of teleportation for 45 gold pieces
 33966 | Snake:4  | Bought a scroll of teleportation for 45 gold pieces
 33972 | Snake:4  | Found Xatyrhod's Gadget Boutique.
 34173 | Snake:4  | Found Wypnul's Food Boutique.
 34376 | Snake:4  | Noticed mhoghedin's ghost (adept KoBe)
 34538 | Snake:4  | Killed mhoghedin's ghost
 34648 | Snake:4  | Got a pair of twisted boots
 34659 | Snake:4  | Identified the +3 pair of boots "Cetyom" {Regen+} (You
                  | found it on level 4 of the Snake Pit)
 35034 | Vaults:1 | Entered Level 1 of the Vaults
 35056 | Vaults:1 | Reached skill level 15 in Dodging
 35482 | Vaults:1 | Reached XP level 19. HP: 174/174 MP: 28/28
 35925 | Vaults:1 | Paralysed by a wizard for 2 turns
 36776 | Vaults:2 | Found the +11 plutonium sword {*Contam Stlth-}
 38141 | Vaults:2 | Found a staircase to the Crypt.
 38893 | Vaults:3 | Reached XP level 20. HP: 138/184 MP: 11/29
 38921 | Vaults:3 | Found a portal to a secret trove of treasure.
 39648 | Vaults:3 | Found Miwkeo's General Store.
 39655 | Vaults:3 | Bought a potion of curing for 60 gold pieces
 39887 | Vaults:3 | You paid a toll of 18 potions of curing to enter a treasure
                  | trove
 39888 | Trove    | Entered a treasure trove
 39901 | Trove    | Identified Sif Muna's Handbook of Snow
 39919 | Trove    | Identified Gacurchu's Almanac of Earth
 39928 | Trove    | Identified Sif Muna's Disquisition on Ashen Execration
 40298 | Vaults:4 | Found Vuiwn's Book Emporium.
 41260 | Vaults:4 | Reached skill level 15 in Invocations
 41371 | Vaults:4 | Noticed Sojobo
 41836 | Vaults:4 | Killed Sojobo
 42190 | Crypt:1  | Entered Level 1 of the Crypt
 42462 | Crypt:1  | Reached skill level 15 in Axes
 43276 | Crypt:2  | Reached XP level 21. HP: 172/195 MP: 25/31
 44065 | Crypt:3  | Entered Level 3 of the Crypt
 44563 | Crypt:3  | Found a staircase to the Tomb.
 45015 | Crypt:3  | Noticed a profane servitor
 45028 | Crypt:3  | Mangled by a freezing wraith

Vault maps used:
D:1:      mrwooster_arrival_statue, minivault_26, serial_bayou_pond_a
D:2:      wad_river_or_something
D:3:      zin_angel, dk_vineyard_3
D:4:      cheibrodos_quashed, grunt_temple_overflow_champion_of_chaos,
          serial_shops, nicolae_shop_window_shopping, first_ration
D:5:      lemuel_doored_altar, minmay_temple_entry_statues, uniq_prince_ribbit1,
          uniq_grinder
D:6:      serial_shops, shop, shop, shop, shop, nicolae_shop_stone
D:8:      minmay_misc_feat_room, david_nohive_1
D:9:      grunt_temple_overflow_growth_and_decay, david_orc_3,
          hangedman_ru_absence
D:10:     grunt_lair_entry_orc_guard_hut, hangedman_decor_riveting,
          minmay_guarded_unrand_vampires_tooth
D:13:     david_vaults_2, serial_bayou_pond_a, nicolae_alphabet_shops,
          spider_trap, pf_eden, uniq_azrael, uniq_josephine
D:14:     hangedman_abyss_or_decor_lesser_grid
D:15:     grunt_enter_depths_snipers, chequers_big_river, uniq_agnes
Temple:   regret_index_temple_sphere_string
Lair:1:   portal_ice_cave_entry_pillars_1, beast_lair_carwin_5, uniq_urug
Lair:2:   swamp_mist
Lair:3:   uniq_fannar
Lair:4:   minmay_snake_entry_guardpost_large, minmay_lindwurm_lava
Lair:5:   slime_altar_2
Lair:6:   minmay_lair_end_enchanted_forest, minmay_lair_oklob_bushes,
          serial_bayou_pond_d
Swamp:1:  gammafunk_ghost_cemetery, evilmike_swamp_ruin_house_5,
          infiniplex_staircase_pool
Swamp:2:  serial_swamp_ruin, evilmike_swamp_ruin_rubble_1,
          evilmike_swamp_ruin_house_4, evilmike_swamp_ruin_house_2
Swamp:3:  evilmike_swamp_ruin_rubble_2
Swamp:4:  swamp_old_school
Snake:1:  cheibrodos_toxic_ritual, serial_shops, nicolae_shop_waterfront,
          grunt_ministairs_2, minmay_shop_grove
Snake:2:  minmay_shoptagon
Snake:3:  lightli_airlock, uniq_vashnia, uniq_asterion, uniq_nikola
Snake:4:  snake_pit_salamanders_mu, serial_shops, nicolae_shop_crystal, shop,
          shop, nicolae_shop_stone, shop, gammafunk_ghost_necromancy
Orc:1:    serial_shops, shop, uniq_snorg
Orc:2:    st_orc_elflike, uniq_saint_roka
Vaults:1: nicolae_vaults_network_s, vaults_standard_mumra_x,
          hangedman_vaults_stretched_pinwheel, grunt_vaults_funnel,
          vaults_mumra_lcd, serial_ice_h, nicolae_vaults_little_squares_1,
          ontoclasm_vaults_chip, vaults_room_hallway,
          nicolae_vaults_network_barrier
Vaults:2: nicolae_vaults_octagons, v_alt_pattern_6, nicolae_vaults_asterisk,
          v_pattern_2, hangedman_vaults_stagger,
          minmay_crypt_entry_simple_plaza, v_misc_1, ontoclasm_vaults_bender,
          nicolae_vaults_shelves_hall, v_misc_8, grunt_vaults_hallway_short,
          dpeg_vaults_monster_row, nicolae_vaults_mini_display_case,
          nicolae_vaults_asterisk, v_misc_16, ontoclasm_vaults_fault
Vaults:3: nicolae_vaults_asterisk, ontoclasm_vaults_claustrophobia,
          nicolae_vaults_sealed_display, st_cross, vaults_dpeg_spiral,
          hangedman_vaults_stitches, nicolae_vaults_big_ls,
          grunt_vaults_bifocal, hangedman_vaults_capsules,
          hangedman_vaults_river_flow, nicolae_vaults_little_squares_5,
          v_misc_15, nicolae_vaults_theta, v_misc_9, nicolae_vaults_asterisk,
          serial_shops, shop, enter_trove_3
Vaults:4: st_lines, ontoclasm_vaults_decontamination,
          nicolae_vaults_network_periphery, v_misc_1, vaults_room_hallway,
          nicolae_vaults_network_square, hangedman_vaults_locks,
          nicolae_vaults_twisting_passages, v_alt_pattern_2, v_misc_8,
          serial_shops, shop, uniq_sojobo
Crypt:1:  grunt_megastairs_3
Crypt:2:  st_stairs_12, minmay_misc_feat_ornament
Crypt:3:  lightli_unholy_cathedral,
          nicolae_tomb_entry_unfolded_pyramid_diagonal, wad_floor_pattern_1
Trove:    trove_library
IceCv:    ice_cave_caverns_02

Skill      XL: |  1  2  3  4  5  6  7  8  9 10 11 12 13 14 15 16 17 18 19 20 21 |
---------------+----------------------------------------------------------------+-----
Long Blades    | 3 4 5 6 8 9 11 12 13 | 13.8
Dodging        | 1 2 3 4 5 7 8 9 10 11 12 13 14 15 16 17 | 17.3
Shields        | 4 5 6 7 8 9 11 12 13 14 15 | 15.2
Fighting       | 4 5 6 7 8 9 11 12 13 14 15 16 17 18 19 | 19.0
Armour         | 4 5 6 7 8 9 11 12 13 14 15 16 17 18 19 | 19.0
Invocations    | 1 3 4 5 6 8 9 10 11 12 13 14 15 | 15.9
Short Blades   | 3 |  3.5
Axes           | 1 5 8 10 11 12 13 15 | 15.9
Evocations     | 3 5 7 8 |  8.0

Action                   |  1- 3 |  4- 6 |  7- 9 | 10-12 | 13-15 | 16-18 | 19-21 || total
-------------------------+-------+-------+-------+-------+-------+-------+-------++-------
Melee: Long sword        |    94 |   139 |   135 |       |       |       |       ||   368
       Headbutt          |    15 |    23 |    60 |   289 |   692 |   897 |   959 ||  2935
       Falchion          |       |       |   177 |   564 |       |       |       ||   741
       Quick blade       |       |       |       |   548 |  2165 |  2859 |  2134 ||  7706
       Broad axe         |       |       |       |       |       |       |   772 ||   772
Invok: Greater Servant o |       |       |       |       |       |       |     2 ||     2
  Use: Scroll            |       |       |     8 |    11 |    11 |     6 |     6 ||    42
       Potion            |       |       |     1 |       |     1 |     4 |       ||     6
 Stab: Petrifying        |       |       |       |       |     1 |       |       ||     1
       Confused          |       |       |       |       |     1 |     1 |       ||     2
  Eat: Chunk             |     2 |    12 |    19 |    25 |    42 |    23 |    24 ||   147
       Ration            |       |       |       |       |       |     1 |     2 ||     3
Armor: Scale mail        |    37 |     9 |       |       |       |       |       ||    46
       Chain mail        |       |    41 |   122 |   330 |   305 |   534 |   458 ||  1790
Dodge: Dodged            |    32 |    32 |   103 |   240 |   454 |   795 |   757 ||  2413
Block: Shield            |    57 |    72 |   178 |   455 |   752 |  1188 |  1064 ||  3766
       Rpst.: Long sword |    10 |     6 |    13 |       |       |       |       ||    29
       Falchion          |       |       |    15 |    52 |       |       |       ||    67

Table legend:
 A = Non-vault XP
 B = Vault XP
 C = Vault XP percentage of total XP
 D = Non-vault monster count
 E = Vault monster count
 F = Vault count percentage of total count
                 A         B        C        D         E       F
            +---------+---------+-------+---------+---------+-------
      Total |  389275 |  276507 |  41.5 |    1121 |     520 |  31.7
            +---------+---------+-------+---------+---------+-------
        D:1 |      24 |       0 |   0.0 |      16 |       0 |   0.0
        D:2 |      46 |      32 |  41.0 |      18 |       9 |  33.3
        D:3 |     263 |       0 |   0.0 |      27 |       0 |   0.0
        D:4 |     540 |      48 |   8.2 |      23 |       1 |   4.2
        D:5 |     881 |     560 |  38.9 |      23 |       2 |   8.0
        D:6 |    1039 |       0 |   0.0 |      14 |       0 |   0.0
        D:7 |     499 |       0 |   0.0 |      17 |       0 |   0.0
        D:8 |    1290 |    1279 |  49.8 |      11 |      16 |  59.3
        D:9 |    3148 |    1501 |  32.3 |      39 |       7 |  15.2
       D:10 |    3077 |    2567 |  45.5 |      44 |      14 |  24.1
       D:11 |    3728 |      66 |   1.7 |      21 |       1 |   4.5
       D:12 |    2425 |       0 |   0.0 |      15 |       0 |   0.0
       D:13 |    3929 |    8740 |  69.0 |      15 |      17 |  53.1
       D:14 |    4311 |       0 |   0.0 |      24 |       0 |   0.0
       D:15 |   15177 |    4514 |  22.9 |      40 |       4 |   9.1
     Lair:1 |    3004 |    1913 |  38.9 |      17 |       7 |  29.2
     Lair:2 |    4227 |     952 |  18.4 |      15 |       1 |   6.2
     Lair:3 |    5557 |       0 |   0.0 |      16 |       0 |   0.0
     Lair:4 |    6005 |    3540 |  37.1 |      27 |      10 |  27.0
     Lair:5 |    4233 |       0 |   0.0 |      18 |       0 |   0.0
     Lair:6 |   10110 |    8377 |  45.3 |      33 |      47 |  58.8
    Swamp:1 |   11365 |    6622 |  36.8 |      21 |       4 |  16.0
    Swamp:2 |   10322 |       0 |   0.0 |      31 |       0 |   0.0
    Swamp:3 |    8576 |       0 |   0.0 |      23 |       0 |   0.0
    Swamp:4 |   21860 |   18073 |  45.3 |      49 |      22 |  31.0
    Snake:1 |   11774 |    7359 |  38.5 |      27 |      14 |  34.1
    Snake:2 |   17748 |       0 |   0.0 |      33 |       0 |   0.0
    Snake:3 |    8488 |   19516 |  69.7 |      15 |      17 |  53.1
    Snake:4 |   26648 |   46016 |  63.3 |      51 |      73 |  58.9
      Orc:1 |    3099 |       0 |   0.0 |      51 |       0 |   0.0
      Orc:2 |    7809 |   13913 |  64.1 |      59 |      37 |  38.5
   Vaults:1 |   32607 |   13158 |  28.8 |      51 |      18 |  26.1
   Vaults:2 |   31012 |   23302 |  42.9 |      53 |      44 |  45.4
   Vaults:3 |    8380 |   15077 |  64.3 |      17 |      31 |  64.6
   Vaults:4 |   29050 |   42047 |  59.1 |      49 |      39 |  44.3
    Crypt:1 |   20924 |    3759 |  15.2 |      37 |       4 |   9.8
    Crypt:2 |   43163 |    1610 |   3.6 |      51 |       1 |   1.9
    Crypt:3 |   22937 |   19361 |  45.8 |      30 |      30 |  50.0
      IceCv |       0 |   12605 | 100.0 |       0 |      50 | 100.0
            +---------+---------+-------+---------+---------+-------
